 Dungeon Crawl Stone Soup version 0.28-a0-1143-gcf6077d4cc (webtiles) character file.

Game seed: 1580914580520111984

37 spaghetti the Sneak (level 3, 0/29 HPs)
             Began as a Mummy Delver on Dec 14, 2021.
             Slain by a sky beast (2 damage)
             ... on level 4 of the Dungeon.
             The game lasted 00:00:57 (741 turns).

spaghetti the Sneak (Mummy Delver)                   Turns: 741, Time: 00:00:57

Health: 0/29       AC:  3    Str: 15    XL:     3   Next: 21%
Magic:  3/3        EV: 11    Int: 11    God:
Gold:   0          SH:  0    Dex: 13    Spells: 2/2 levels left

rFire   x . .      SeeInvis .   a - +0 falchion {long}
rCold   + . .      Faith    .   (no shield)
rNeg    + + +      Spirit   .   b - +0 leather armour
rPois   ∞          Reflect  .   (no helmet)
rElec   .          Harm     .   (no cloak)
rCorr   .          Rampage  .   (no gloves)
Will    .....                   (no boots)
Stlth   +++.......              (no amulet)
HPRegen 0.09/turn               (no ring)
MPRegen 0.08/turn               (no ring)

@: no status effects
A: cold resistance 1, negative energy resistance 3, torment resistance 2, heat
vulnerability 1, no potions
a: no special abilities


You were on level 4 of the Dungeon.
You visited 1 branch of the dungeon, and saw 4 of its levels.


Innate Abilities, Weirdness & Mutations

You are immune to poison.
Your flesh is cold resistant. (rC+)
You are immune to negative energy. (rN+++)
You are immune to unholy pain and torment.
You are vulnerable to heat. (rF-)
You do not drink.


   Skills:
 - Level 3.0 Fighting
 - Level 1.5 Long Blades
 - Level 1.5 Dodging
 + Level 5.1 Stealth


You had 2 spell levels left.
You didn't know any spells.
Your spell library was empty.

Inventory:

Hand Weapons
 a - a +0 falchion (weapon) {long}
Armour
 b - a +0 leather armour (worn)
Wands
 f - a wand of digging (3)
Scrolls
 c - a scroll of fog
 d - a scroll of magic mapping {!r}
 e - a scroll of fear

Dungeon Overview and Level Annotations

Branches:
Dungeon (7/15)
 Temple: D:4-7

Altars:

##.......###
##...........
#..........# ###
#.........# #...
#.........##....
#...............
#...............
#.$.>...........
#......{@.#.
#>........#
#(........#
##...$...##
##.....##
#######


There were no monsters in sight!


Message History

Unknown command.
Unknown command.
You closely miss the iguana. The iguana misses you. The iguana bites you.
* * * LOW HITPOINT WARNING * * *
😱 HP[-5]
You take 5 damage, and now have 3/24 hp.
MASSIVE DAMAGE!! (PAUSE) Unknown command.
Unknown command.
You hit the iguana.
You kill the iguana!
Your Stealth skill increases to level 5!
You have reached level 3!
Your experience leads to an increase in your attributes!
Increase (S)trength, (I)ntelligence, or (D)exterity?
You feel clever. x2 😱 HP[+1] MP[+1]
You now have 29 max hp (+5).
Your mp is fully restored (3).
You start resting.
You hear the brisk rusting of a drain very nearby.
You hear the brisk rusting of a drain very nearby.
You hear the quick rusting of a drain very nearby.
You hear the quick rusting of a drain very nearby.
You hear the rapid rusting of a drain very nearby.
You hear the rapid rusting of a drain very nearby. 😎 HP[+25]
Your hp is fully restored (29).
Unknown command.
Unknown command.
g - a scroll labelled MYDATO GEXOES You start waiting.
You hear the rapid rusting of a drain very nearby.
You hear the rapid rusting of a drain very nearby.
You hear the drain falling apart.
The walls and floor vibrate strangely for a moment.
Done waiting.
Unknown command.
Unknown command.
As you read the scroll labelled MYDATO GEXOES, it crumbles to dust.
The air around you briefly surges with heat, but it dissipates.
It was a scroll of immolation.
Unknown command.
Unknown command.
Okay, then.
Found a stone staircase leading up.
A sky beast comes into view.
The sky beast hits you. The sky beast shocks you. 😕 HP[-6]
You take 6 damage, and now have 23/29 hp.
MASSIVE DAMAGE!! (PAUSE) Unknown command.
Unknown command.
You closely miss the sky beast. The sky beast barely misses you.
Unknown command.
Unknown command.
You closely miss the sky beast. The sky beast hits you.
The sky beast shocks you. 😮 HP[-6]
You take 6 damage, and now have 17/29 hp.
MASSIVE DAMAGE!! (PAUSE) Unknown command.
Unknown command.
Unknown command.
Press: ? - help, v - describe, . - travel
Here: a sky beast The floor.
Unknown command. 😮 HP[+1]
There is a stone staircase leading up here.
The sky beast hits you. The sky beast shocks you.
* * * LOW HITPOINT WARNING * * *
You climb upwards.
Found 17 gold pieces, a scroll labelled WUOSAW ZEMEY and 3 stones.
Found a stone staircase leading down.
There is a stone staircase leading down here. 😨 HP[-8]
You take 8 damage, and now have 10/29 hp.
MASSIVE DAMAGE!! (PAUSE) Unknown command.
Unknown command.
Okay, then.
The sky beast flickers out of sight!
Deactivating autopickup; reactivate with Ctrl-A.
You see here a scroll labelled WUOSAW ZEMEY.
g - a scroll labelled WUOSAW ZEMEY Something hits you.
* * * LOW HITPOINT WARNING * * *
Something shocks you.
* * * LOW HITPOINT WARNING * * *
😱 HP[-8]
You take 8 damage, and now have 2/29 hp.
MASSIVE DAMAGE!! (PAUSE) Unknown command.
Unknown command.
Unknown command.
As you read the scroll labelled WUOSAW ZEMEY, it crumbles to dust.
It is a scroll of identify.
You don't have any unidentified items.
Something hits you.
You die...

Skill      XL: |  1  2 |
---------------+-------+-----
Stealth        | 5 |  5.1
Fighting       | |  3.0
Long Blades    | |  1.5
Dodging        | |  1.5

Action                   || total
-------------------------++-------
Melee: Falchion          ||    18
  Use: Scroll            ||     2
 Stab: Sleeping          ||     1
Armor: Leather armour    ||     3
Dodge: Dodged            ||     9

Levels and vault maps discovered:
D:4:      layout_rooms, lemuel_doored_altar, uniq_duvessa
D:5:      layout_basic, gup_sewer_entry_spiral, minmay_strange_pillars,
          uniq_edmund, uniq_eustachio, uniq_pikel, uniq_menkaure
D:6:      layout_basic, minmay_temple_entry_arrows
D:7:      cheibrodos_fertilizer, layout_loops_ring, chequers_decorated_corner

Notes
Turn   | Place    | Note
-------+----------+-------------------------------------------
     0 | D:5      | spaghetti the Mummy Delver began the quest for the Orb.
     0 | D:5      | Reached XP level 1. HP: 18/18 MP: 1/1
     0 | D:5      | magus.rc [v1.9.6]
    75 | D:5      | Reached XP level 2. HP: 12/24 MP: 2/2
   345 | D:5      | HP: 3/24 [iguana (5)]
   347 | D:5      | Reached skill level 5 in Stealth
   347 | D:5      | Reached XP level 3. HP: 4/29 MP: 3/3
   724 | D:5      | Noticed a sky beast
   740 | D:4      | HP: 7/29 [something (4)]
   740 | D:4      | HP: 2/29 [something (5)]
   741 | D:4      | Slain by a sky beast

Vanquished Creatures
  An iguana (D:5)
  A howler monkey zombie (D:5)
2 creatures vanquished.

Table legend:
 A = Non-vault XP
 B = Vault XP
 C = Vault XP percentage of total XP
 D = Non-vault monster count
 E = Vault monster count
 F = Vault count percentage of total count
                 A         B        C        D         E       F
            +---------+---------+-------+---------+---------+-------
      Total |      53 |       0 |   0.0 |       2 |       0 |   0.0
            +---------+---------+-------+---------+---------+-------
        D:5 |      53 |       0 |   0.0 |       2 |       0 |   0.0
            +---------+---------+-------+---------+---------+-------

Illustrated notes

Table legend:
 A = Kills in this place as a percentage of kills in entire the game.
 B = Kills by you in this place as a percentage of kills by you in the entire game.
 C = Kills by friends in this place as a percentage of kills by friends in the entire game.
 D = Other kills in this place as a percentage of other kills in the entire game.
 E = Experience gained in this place as a percentage of experience gained in the entire game.
 F = Experience gained in this place divided by the number of levels of this place that you have seen.
                   A       B       C       D       E      F
               +-------+-------+-------+-------+-------+----------------------
         Total | 100.0 | 100.0 |   N/A |   N/A | 100.0 |  13.2
       Dungeon | 100.0 | 100.0 |   N/A |   N/A | 100.0 |  13.2
               +-------+-------+-------+-------+-------+----------------------

Table legend: (Time is in decaauts)
 A = Elapsed time spent in this place.
 B = Non-inter-level travel time spent in this place.
 C = Inter-level travel time spent in this place.
 D = Time resting spent in this place.
 E = Time spent auto-exploring this place.
 F = Levels seen in this place.
 G = Mean time per level.
                   A        B        C        D        E       F      G
               +--------+--------+--------+--------+--------+-----+--------+
         Total |    745 |    717 |     28 |    611 |     45 |   4 |  186.2 |
       Dungeon |    745 |    717 |     28 |    611 |     45 |   4 |  186.2 |
               +--------+--------+--------+--------+--------+-----+--------+

Top non-repeatable levels by time:
     D:5: 691 daAuts
     D:6: 46 daAuts
     D:4: 5 daAuts
     D:7: 1 daAuts
